Map: Catalyst LE

Players

puCK (Nina)

  • Race: Protoss Protoss
  • Spawn Location: 5:00

DnS - Winner!

  • Race: Protoss Protoss
  • Spawn Location: 11:00

Event: WCS Valencia 2018

VOD

Have the link to the VOD?

Description

Time

  • Played on: July 12, 2018, 1:50 p.m.
  • Length: 7:33

All games in this series

Show
View Real Time Build Order
Export as new Build Order

puCK Protoss 

Build Orders: Blink Stalkers 

Get SALT Encoding   

  12  0:00  Probe  
  13  0:12  Probe  
  14  0:17  Pylon  
  14  0:24  Probe  
  15  0:34  Probe  
  15  0:35  Gateway  
  16  0:42  Probe  
  16  0:49  Assimilator  
  17  0:53  Assimilator  
  17  0:54  Probe  
  18  1:02  Probe  
  18  1:10  Gateway, Probe  
  20  1:20  Probe  
  21  1:26  Cybernetics Core  
  21  1:33  Probe  
  21  1:38  Pylon  
  22  1:45  Probe  
  23  1:57  Probe  
  24  2:03  Stalker x2  
  24  2:05  Warp Gate  
  28  2:15  Pylon  
  28  2:34  Stalker x2  
  32  2:40  Twilight Council  
  32  2:58  Blink  
  32  3:04  Stalker x2  
  36  3:31  Nexus  
  36  3:39  Shield Battery  
  36  3:45  Pylon  
  34  3:55  Shield Battery  
  34  4:06  Pylon  
  34  4:09  Stalker  
  36  4:12  Sentry  
  33  4:29  Pylon  
  33  4:30  Sentry  
  35  4:32  Sentry  
  35  4:35  Gateway, Probe  
  35  4:36  Pylon  
  38  4:43  Pylon  
  38  4:50  Stalker  
  40  4:55  Stalker  
  42  5:11  Gateway  
  42  5:14  Stalker  
  42  5:19  Shield Battery  
  40  5:38  Sentry  
  40  5:41  Sentry  
  44  5:51  Shield Battery x2  
  44  5:55  Gateway  
  44  6:02  Sentry  
  44  6:10  Sentry  
  46  6:11  Gateway  
  46  6:17  Pylon  
  46  6:18  Pylon  
  44  6:39  Sentry  
  46  6:51  Stalker  
  47  7:00  Stalker  
  48  7:06  Stalker  
  48  7:08  Zealot  
  42  7:21  Stalker  
  31  7:25  Zealot  
Show
View Real Time Build Order
Export as new Build Order

DnS Protoss - Winner!

Build Orders:  

Get SALT Encoding   

  12  0:00  Probe  
  13  0:12  Probe  
  14  0:17  Pylon  
  14  0:24  Probe  
  15  0:32  Probe  
  15  0:38  Gateway  
  15  0:40  Probe  
  16  0:46  Assimilator  
  17  0:50  Probe  
  17  0:55  Assimilator  
  18  0:58  Probe  
  19  1:06  Probe  
  20  1:15  Gateway  
  20  1:17  Probe  
  21  1:27  Cybernetics Core  
  21  1:29  Probe  
  22  1:35  Pylon  
  22  1:41  Probe  
  22  1:45  Warp Gate  
  23  1:53  Probe  
  24  2:04  Stalker x2  
  28  2:13  Pylon  
  28  2:34  Stalker x2  
  32  2:47  Gateway  
  32  3:05  Stalker x2  
  36  3:12  Robotics Facility  
  36  3:16  Pylon  
  35  3:36  Shield Battery  
  35  3:52  Stalker x2  
  38  3:56  Stalker  
  38  3:58  Warp Prism  
  40  4:29  Observer  
  40  4:30  Stalker x3  
  45  4:38  Pylon  
  45  5:00  Sentry, Stalker x2  
  45  5:03  Probe  
  52  5:27  Observer  
  51  5:33  Stalker x2  
  55  5:37  Pylon  
  51  5:50  Stalker  
  53  6:06  Observer  
  53  6:09  Stalker x2  
  57  6:12  Pylon  
  57  6:13  Stalker  
  59  6:22  Pylon  
  57  6:41  Adept x3  
  63  7:04  Stalker x2  
  51  7:30  Stalker x3  
Tags
 
Composition
Blink Stalkers
Matchup
PvP
Player
DnSNina
Spawn Locations
Cross Positions
Add a new tag
Caveats
  • Supply blocks, unpowered buildings, or Contaminate may cause inaccurate times.
  • Supply counts are checked every 10 seconds.